 Dungeon Crawl Stone Soup version 0.26.1-2-gb8aa6d0cf2 (webtiles) character file.

Game seed: 4433230499235224017

259 raph the Digger (level 5, 0/28 HPs)
             Began as a Deep Elf Earth Elementalist on Mar 16, 2021.
             Was an Initiate of Makhleb.
             Slain by a centaur (6 damage)
             ... on level 4 of the Dungeon.
             The game lasted 00:07:01 (3901 turns).

raph the Digger (Deep Elf Earth Elementalist)       Turns: 3901, Time: 00:07:02

Health: 0/28       AC:  5    Str:  5    XL:     5   Next: 94%
Magic:  7/13       EV: 13    Int: 21    God:    Makhleb [......]
Gold:   242        SH:  0    Dex: 15    Spells: 1/12 levels left

rFire    . . .     SeeInvis +   n - +0 dagger
rCold    . . .     Faith    .   (no shield)
rNeg     . . .     Spirit   .   p - +0 leather armour
rPois    .         Reflect  .   (no helmet)
rElec    .         Harm     .   (no cloak)
rCorr    .         Rampage  .   s - +1 pair of gloves
Will     .....                  (no boots)
Stlth    ++........             (no amulet)
HPRegen  0.09/turn              w - ring of see invisible
MPRegen  0.13/turn              (no ring)

@: no status effects
A: no striking features
a: Renounce Religion


You were on level 4 of the Dungeon.
You worshipped Makhleb.
Makhleb was noncommittal.
You visited 1 branch of the dungeon, and saw 4 of its levels.

You collected 242 gold pieces.

Inventory:

Hand Weapons
 n - a +0 dagger (weapon)
 x - a +1 vorpal hunting sling
Missiles
 b - 49 stones
Armour
 c - a +0 robe
 j - a +0 pair of gloves
 p - a +0 leather armour (worn)
 s - a +1 pair of gloves (worn)
Jewellery
 w - a ring of see invisible (left hand)
Scrolls
 a - 4 scrolls of remove curse {unknown}
 d - 2 scrolls of amnesia {unknown}
 e - 2 scrolls of random uselessness {unknown}
 f - a scroll of blinking {unknown}
 g - 2 scrolls of enchant weapon {unknown}
 k - 2 scrolls of identify {unknown}
 l - a scroll of fear {unknown}
 r - 4 scrolls of teleportation {unknown}
 t - a scroll of fog {unknown}
Potions
 h - a potion of brilliance {unknown}
 i - a potion of lignification {unknown}
 m - a potion of curing {unknown}
 o - a potion of haste {unknown}
 q - 3 potions of attraction {unknown}
 u - a potion of flight {unknown}
 v - a potion of heal wounds {unknown}


   Skills:
 - Level 3.5 Dodging
 - Level 3.8 Stealth
 - Level 4.1 Spellcasting
 - Level 1.1 Transmutations
 * Level 5.9 Earth Magic


You had one spell level left.
You knew the following spells:

 Your Spells              Type           Power        Failure   Level
a - Sandblast             Erth           58%          1%          1
b - Passwall              Tmut/Erth      15%          7%          2
c - Stone Arrow           Conj/Erth      32%          17%         3
d - Lee's Rapid Deconstr  Erth           14%          43%         5

Your spell library contained the following spells:

 Spells                   Type           Power        Failure   Level
 Petrify                  Tmut/Erth      19%          43%         4


Dungeon Overview and Level Annotations

Branches:
Dungeon (4/15)
 Temple: D:4-7

Altars:
Makhleb
Uskayaw

Shops:
D:4 (

Annotations:
D:3 2 transporters
D:4 Pikel


Message History

The spell is potentially lethal to cast (43% risk of failure)!
Continue anyway?
Aiming: Lee's Rapid Deconstruction (potentially lethal; 43% risk of failure)
Press: ? - help, Dir - move target, p - centaur A rock wall.
The wall shatters!
The blast of rock fragments hits the centaur!!
The centaur is almost dead.
The blast of rock fragments hits Pikel!
Pikel is moderately wounded.
The blast of rock fragments hits the hound!
The hound is severely wounded.
The blast of rock fragments hits the lemure but does no damage.
The centaur closely misses you.
Unknown command.
You hit the centaur but do no damage.
The centaur is almost dead.
The centaur hits you.
* * * LOW HITPOINT WARNING * * *
The centaur hits you.
You die...

######### ........##
........# ........## #
##.#.....### .# #
#...#......# ..# #.
#...#......## ...#
##..#...#......(# .c5.
#...##..)......@#..#
#...[........#.(c5.#
#...........##(.##.....
#............#[## ....
####.##.........####
.#.
#.....##.#...#......
#$.#...[
.........#...#.....
!....
........##.......# ..
.....
.........#.......###..
...##


You could see a lemure and a centaur.

Vanquished Creatures
  A bullfrog skeleton (D:4)
  2 orc priests (D:3)
  A worker ant (D:4)
  A hound skeleton (D:4)
  7 adders
  2 worms (D:3)
  A dart slug (D:2)
  2 leopard geckos
  9 orcs
  2 ball pythons (D:3)
  8 goblins
  5 hobgoblins
  3 jackals (D:4)
  3 kobolds
  5 bats
  3 frilled lizards
  10 rats
65 creatures vanquished.

Vanquished Creatures (others)
  6 plants (D:3)
6 creatures vanquished.

Grand Total: 71 creatures vanquished

Notes
Turn   | Place    | Note
-------+----------+-------------------------------------------
     0 | D:1      | raph the Deep Elf Earth Elementalist began the quest for
                  | the Orb.
     0 | D:1      | Reached XP level 1. HP: 10/10 MP: 6/6
   285 | D:1      | Reached XP level 2. HP: 15/15 MP: 6/8
   568 | D:1      | Learned a level 2 spell: Passwall
  1160 | D:2      | Reached XP level 3. HP: 19/19 MP: 6/9
  1534 | D:2      | Reached skill level 4 in Earth Magic
  1559 | D:2      | Learned a level 3 spell: Stone Arrow
  2484 | D:3      | Found a hide-covered altar of Uskayaw.
  2518 | D:2      | Reached XP level 4. HP: 24/24 MP: 7/11
  2706 | D:3      | Found a burning altar of Makhleb.
  2811 | D:3      | Became a worshipper of Makhleb the Destroyer
  2851 | D:3      | Found a transporter.
  2851 | D:3      | Identified the +6 halberd of Lopp {pain, Dex+4}
  2927 | D:3      | Reached XP level 5. HP: 28/28 MP: 11/13
  2933 | D:3      | Learned a level 5 spell: Lee's Rapid Deconstruction
  3273 | D:3      | Found a transporter.
  3320 | D:4      | Reached skill level 5 in Earth Magic
  3361 | D:4      | Noticed a centaur
  3676 | D:4      | Found Nibael's Weapon Boutique.
  3893 | D:4      | Noticed a lemure
  3894 | D:4      | Noticed a lemure
  3895 | D:4      | Noticed Pikel
  3899 | D:4      | Noticed a lemure
  3901 | D:4      | Slain by a centaur

Illustrated notes

Levels and vault maps discovered:
D:1:      minmay_arrival_shoal_huts, layout_basic
D:2:      layout_basic
D:3:      layout_loops_corners, general_overflow_altar,
          nicolae_overflow_crystal_walls, gammafunk_ghost_gnarly_gnolls
D:4:      wad_lake_hut, layout_cave_pools, lemuel_crystal_altar,
          serial_column_ruins, column_ruins_hut_ruined, column_ruins_open_small,
          column_ruins_columns_dead_end, column_ruins_open_tiny,
          column_ruins_columns_dead_end, column_ruins_columns_corner,
          serial_shops, nicolae_shop_crystal, nicolae_shop_crystal,
          nicolae_shop_window_shopping, nicolae_ru_path_of_blood, uniq_pikel

Skill      XL: |  1  2  3  4  5 |
---------------+----------------+-----
Stealth        | 3 |  3.8
Dodging        | 3 |  3.5
Earth Magic    | 4 5 |  5.9
Spellcasting   | 4 |  4.1
Transmutations | |  1.1

Action                   |  1- 3 |  4- 6 || total
-------------------------+-------+-------++-------
Melee: Unarmed           |     2 |       ||     2
       Dagger            |     2 |     8 ||    10
 Cast: Sandblast         |    59 |    34 ||    93
       Lee's Rapid Decon |       |     1 ||     1
 Stab: Sleeping          |     1 |     2 ||     3
Armor: Robe              |     3 |       ||     3
       Leather armour    |       |     2 ||     2
Dodge: Dodged            |     9 |    14 ||    23
